Map: Royal Blood LE

Players

HeroMarine - Winner!

  • Race: Terran Terran
  • Spawn Location: 7:00

DnS

  • Race: Protoss Protoss
  • Spawn Location: 1:00

Event: ESL SC2 Masters 2023 Summer (Finals)

VOD

Have the link to the VOD?

Description

Time

  • Played on: June 16, 2023, 6:46 a.m.
  • Length: 16:00

All games in this series

Show
View Real Time Build Order
Export as new Build Order

HeroMarine Terran - Winner!

Build Orders: Reaper Expand 

Get SALT Encoding   

  12  0:00  SCV  
  13  0:12  SCV  
  14  0:17  Supply Depot  
  14  0:24  SCV  
  15  0:39  SCV  
  15  0:40  Barracks  
  16  0:43  Refinery  
  16  0:51  SCV  
  17  1:03  SCV  
  18  1:15  SCV  
  19  1:27  Orbital Command, Reaper  
  20  1:40  Command Center  
  20  1:47  Supply Depot  
  20  1:53  SCV  
  21  1:58  Marine  
  22  2:05  SCV  
  23  2:08  Factory  
  23  2:15  Bunker  
  23  2:16  Marine  
  23  2:19  SCV  
  25  2:23  Refinery  
  25  2:31  SCV  
  25  2:35  Barracks Reactor  
  26  2:43  SCV  
  27  2:54  Hellion, Starport  
  27  2:55  SCV  
  27  2:56  Orbital Command  
  30  3:07  SCV  
  31  3:13  Marine  
  31  3:14  Marine  
  31  3:15  Factory Tech Lab  
  31  3:19  SCV  
  33  3:23  SCV  
  33  3:25  Supply Depot  
  34  3:31  Barracks, Marine x2  
  36  3:36  SCV x2  
  36  3:40  Raven, Factory Tech Lab  
  40  3:48  SCV x2  
  40  3:49  Marine x2  
  40  3:54  Barracks  
  44  3:59  Cyclone  
  44  4:00  SCV  
  44  4:01  SCV  
  49  4:06  Supply Depot  
  49  4:07  Marine  
  49  4:09  Marine  
  51  4:13  SCV x2  
  53  4:25  SCV  
  53  4:26  Stimpack  
  53  4:27  Marine x3, SCV  
  53  4:30  Supply Depot  
  58  4:34  Supply Depot  
  58  4:38  Starport Reactor  
  58  4:39  SCV x2  
  58  4:44  Engineering Bay, Factory Reactor  
  58  4:45  Marine x2  
  62  4:48  Marine, Combat Shield  
  62  4:49  Marine  
  62  4:52  SCV x2  
  64  5:03  Marine x2  
  64  5:04  SCV x2  
  64  5:06  Marine, Refinery  
  69  5:07  Marine  
  69  5:10  Supply Depot  
  70  5:16  Missile Turret  
  70  5:18  Missile Turret  
  70  5:20  Marine, Medivac  
  70  5:21  Marine  
  74  5:22  Medivac  
  74  5:24  Marine  
  78  5:31  Marine  
  78  5:32  Supply Depot x2  
  78  5:35  SCV  
  83  5:37  Terran Infantry Weapons Level 1, SCV  
  83  5:38  Marine  
  83  5:39  Marine  
  83  5:42  Marine  
  83  5:44  Supply Depot  
  83  5:48  Widow Mine  
  83  5:49  Marine  
  86  5:54  Widow Mine  
  86  5:56  Marine  
  86  5:57  Marine  
  89  6:00  Marine, SCV x2  
  89  6:02  Supply Depot  
  93  6:06  Medivac  
  93  6:07  Marine, Medivac  
  98  6:14  Marine x2  
  98  6:18  Marine  
  101  6:19  Command Center  
  101  6:20  SCV x2  
  101  6:24  Refinery  
  101  6:25  Marine  
  104  6:32  Marine x2, SCV x2  
  103  6:34  Widow Mine  
  103  6:35  Widow Mine, Marine, Supply Depot  
  109  6:42  Medivac x2  
  109  6:43  Marine  
  114  6:49  Marine  
  114  6:50  Marine  
  114  6:53  SCV x2  
  118  6:57  Marauder  
  122  7:01  Marauder  
  122  7:03  Barracks  
  122  7:05  Barracks  
  121  7:13  SCV x2  
  119  7:16  Medivac x2  
  119  7:19  Marauder  
  119  7:21  Widow Mine x2  
  119  7:22  Marine  
  126  7:26  Marauder  
  123  7:35  SCV x2  
  120  7:40  Marauder  
  101  7:44  Marine x2  
  101  7:46  Viking x2  
  101  7:47  SCV x2  
  101  7:48  Marauder  
  104  7:54  Bunker  
  104  7:55  Factory Tech Lab  
  104  7:56  Barracks Tech Lab  
  104  8:01  Marauder, Missile Turret, Terran Infantry Armor Level 1  
  106  8:07  Orbital Command  
  106  8:09  Marauder, Concussive Shells  
  106  8:12  Marine x3  
  109  8:13  Marine  
  109  8:17  Siege Tank  
  117  8:20  Marauder  
  117  8:22  Supply Depot  
  117  8:23  Marauder  
  119  8:28  Supply Depot  
  119  8:31  Viking x2  
  119  8:33  Marauder  
  122  8:41  Marauder  
  122  8:43  SCV x3  
  122  8:44  Marauder  
  127  8:48  Refinery  
  127  8:51  Bunker  
  127  8:52  Refinery  
  127  8:54  Marauder  
  127  8:55  SCV  
  133  8:58  Supply Depot  
  133  9:00  Marine x4  
  139  9:03  Marauder  
  139  9:04  Supply Depot  
  139  9:06  Viking x2  
  139  9:08  Marauder  
  145  9:15  SCV x2  
  145  9:16  Marauder  
  146  9:19  Factory Reactor  
  146  9:22  Armory  
  148  9:24  Marauder, Starport  
  148  9:28  Marine x3  
  148  9:30  Marauder, Marine  
  154  9:37  Marauder  
  156  9:39  Viking x2  
  162  9:45  Marauder  
  162  9:46  Marine x3  
  162  9:48  Marine  
  166  9:54  Command Center  
  166  10:00  Marauder  
  166  10:01  Marauder  
  166  10:02  Supply Depot  
  166  10:03  Supply Depot  
  170  10:13  Marauder  
  172  10:16  Terran Infantry Weapons Level 2  
  172  10:18  Terran Ship Weapons Level 1  
  172  10:23  Viking x4  
  172  10:27  SCV  
  179  10:30  SCV x2  
  181  10:39  SCV  
  181  10:40  Engineering Bay  
  181  10:41  Ghost Academy  
  181  10:42  Marine x3  
  184  10:43  Marine  
  190  10:50  Marauder x3  
  190  10:55  Medivac x2  
  196  11:02  Barracks  
  196  11:03  Barracks  
  196  11:04  Barracks  
  194  11:09  Terran Infantry Armor Level 2  
  194  11:10  Ghost  
  196  11:14  Ghost  
  196  11:16  Ghost  
  200  11:20  Marine  
  197  11:50  Ghost  
  197  11:52  Barracks Reactor, Planetary Fortress  
  197  11:53  Barracks Tech Lab  
  185  12:02  Ghost x2  
  185  12:03  Marauder, Marine x2  
  185  12:04  Marine x2  
  185  12:05  Command Center x2  
  185  12:06  Medivac  
  197  12:09  Medivac  
  186  12:27  Marauder  
  186  12:28  Marauder  
  186  12:29  Marine, Marauder  
  160  12:30  Marine x2  
  160  12:31  Marine, Marauder  
  160  12:35  Marine x2, Marauder  
  131  12:47  Marine  
  131  12:48  Marine x3  
  131  12:49  Marine, Terran Infantry Weapons Level 3, Marauder  
  131  12:50  Marauder  
  136  12:53  Marauder, Medivac, Marine x2  
  136  12:56  Marine  
  143  13:07  Marauder  
  143  13:08  Missile Turret  
  143  13:10  Marauder, Marine  
  143  13:11  Marine x3  
  143  13:12  Marauder  
  153  13:14  Marauder  
  153  13:17  Medivac x2  
  158  13:20  Orbital Command  
  158  13:23  SCV x2  
  158  13:24  SCV x2  
  158  13:25  Factory Reactor  
  162  13:32  Marauder x2  
  166  13:35  SCV  
  166  13:36  SCV  
  166  13:38  Planetary Fortress  
  165  13:43  Missile Turret  
  165  13:52  Medivac x2  
  167  14:01  SCV  
  167  14:02  SCV  
  169  14:03  Widow Mine, Medivac  
  169  14:04  Medivac  
  169  14:05  Widow Mine, Marauder x3  
  169  14:06  Marauder x2, Marine  
  169  14:07  Marine x4  
  169  14:09  Marine  
  180  14:23  Command Center  
  179  14:24  Marine x2  
  179  14:25  Marine x2  
  179  14:26  Marauder  
  179  14:27  Marauder  
  186  14:35  Marauder x2  
  186  14:36  Marine  
  191  14:44  Marauder  
  175  14:50  Marine x2, Marauder  
  162  14:55  Viking x3  
  162  14:56  Widow Mine, Viking, Ghost x2  
  162  14:57  Widow Mine  
  162  14:59  Marauder, Marine x2  
  180  15:00  Marine x2  
  180  15:05  Marine  
  185  15:08  Marine x2  
  185  15:12  Marauder  
  189  15:15  Orbital Command  
  189  15:17  Marine x2  
  189  15:20  Marauder  
  193  15:21  Marine x2  
  193  15:23  Marauder  
  193  15:26  Marauder, Marine  
  200  15:33  Marauder  
  200  15:35  Marauder  
  185  15:37  Marine  
  185  15:38  Marine  
  181  15:43  Barracks x2  
  181  15:44  Barracks  
Show
View Real Time Build Order
Export as new Build Order

DnS Protoss 

Build Orders: 1 Gate Expand, Phoenix Opening, Colossus Rush 

Get SALT Encoding   

  12  0:00  Probe  
  13  0:12  Probe  
  14  0:18  Pylon  
  14  0:24  Probe (Chrono Boost)  
  15  0:37  Probe (Chrono Boost), Gateway  
  16  0:45  Probe (Chrono Boost)  
  16  0:46  Assimilator  
  17  0:51  Probe  
  18  1:03  Probe  
  19  1:15  Probe  
  20  1:25  Cybernetics Core  
  20  1:36  Nexus  
  20  1:41  Pylon  
  20  1:44  Probe  
  21  1:51  Assimilator  
  21  1:56  Probe  
  21  1:59  Adept (Chrono Boost)  
  25  2:08  Probe  
  25  2:14  Stargate  
  25  2:20  Probe  
  26  2:23  Adept  
  28  2:30  Warp Gate  
  28  2:32  Probe (Chrono Boost)  
  30  2:44  Probe (Chrono Boost)  
  30  2:50  Probe (Chrono Boost)  
  31  2:54  Probe (Chrono Boost)  
  31  2:57  Probe (Chrono Boost), Phoenix  
  34  2:59  Adept  
  34  3:00  Probe (Chrono Boost)  
  34  3:02  Probe (Chrono Boost)  
  38  3:11  Probe (Chrono Boost)  
  39  3:14  Probe (Chrono Boost)  
  40  3:26  Phoenix, Probe (Chrono Boost)  
  44  3:27  Pylon  
  44  3:29  Probe (Chrono Boost)  
  44  3:32  Probe (Chrono Boost)  
  45  3:34  Robotics Facility  
  45  3:35  Probe (Chrono Boost)  
  46  3:44  Assimilator  
  46  3:45  Probe  
  47  3:51  Probe  
  47  3:52  Assimilator  
  47  3:54  Phoenix  
  50  4:00  Probe  
  51  4:03  Probe  
  51  4:05  Pylon, Gateway  
  52  4:12  Probe  
  52  4:13  Pylon  
  52  4:15  Probe  
  54  4:25  Observer, Robotics Bay  
  54  4:28  Probe x2  
  57  4:36  Nexus  
  57  4:42  Probe, Pylon  
  57  4:43  Probe  
  59  4:50  Immortal (Chrono Boost)  
  63  4:55  Sentry  
  63  4:58  Probe x2  
  67  5:02  Shield Battery  
  67  5:06  Sentry  
  69  5:10  Phoenix  
  69  5:11  Probe  
  73  5:18  Colossus (Chrono Boost)  
  78  5:24  Pylon  
  78  5:29  Pylon  
  78  5:32  Observer  
  78  5:33  Shield Battery  
  78  5:35  Extended Thermal Lance  
  78  5:42  Probe x2  
  80  5:43  Phoenix  
  80  5:48  Zealot x2  
  87  5:50  Probe  
  87  5:59  Shield Battery  
  87  6:01  Colossus (Chrono Boost)  
  87  6:08  Probe x3  
  96  6:12  Phoenix  
  96  6:16  Zealot, Sentry  
  102  6:22  Probe, Pylon  
  102  6:23  Pylon  
  102  6:34  Probe x2  
  102  6:35  Twilight Council  
  102  6:36  Probe, Forge  
  105  6:44  Colossus (Chrono Boost)  
  105  6:46  Probe  
  112  6:49  Probe x2  
  112  6:53  Zealot x2  
  118  6:55  Phoenix  
  118  6:58  Probe  
  118  7:00  Pylon  
  110  7:20  Probe x2, Phoenix  
  111  7:24  Probe  
  102  7:32  Probe x2  
  102  7:36  Probe (Chrono Boost)  
  86  7:42  Charge  
  86  7:43  Protoss Ground Weapons Level 1  
  79  7:44  Probe x2 (Chrono Boost)  
  79  7:48  Probe (Chrono Boost)  
  79  7:54  Probe x2 (Chrono Boost)  
  79  7:55  Probe (Chrono Boost)  
  82  7:59  Probe (Chrono Boost)  
  82  8:00  Probe (Chrono Boost), Zealot x2, Gateway  
  82  8:02  Gateway  
  89  8:06  Probe (Chrono Boost)  
  89  8:10  Probe (Chrono Boost)  
  89  8:12  Phoenix  
  93  8:14  Probe (Chrono Boost)  
  93  8:17  Probe (Chrono Boost)  
  93  8:19  Probe (Chrono Boost)  
  95  8:22  Probe (Chrono Boost)  
  95  8:23  Colossus  
  95  8:25  Probe (Chrono Boost)  
  102  8:28  Probe x2 (Chrono Boost)  
  102  8:30  Probe (Chrono Boost)  
  102  8:33  Zealot x2  
  108  8:36  Probe  
  108  8:40  Phoenix  
  111  8:42  Probe  
  111  8:45  Probe  
  113  8:49  Probe, Gateway  
  113  8:50  Gateway  
  114  8:58  Probe x2  
  114  9:01  Probe  
  117  9:04  Zealot x2  
  117  9:05  Zealot x2  
  125  9:13  Probe x2  
  125  9:14  Probe  
  125  9:16  Immortal (Chrono Boost)  
  132  9:26  Pylon  
  132  9:27  Pylon  
  132  9:29  Pylon  
  132  9:30  Pylon  
  132  9:32  Assimilator  
  132  9:33  Pylon  
  132  9:34  Protoss Ground Weapons Level 2 (Chrono Boost)  
  132  9:43  Blink  
  132  9:44  Probe x3, Templar Archives  
  132  9:45  Gateway  
  133  9:46  Stalker  
  133  9:48  Gateway  
  133  10:07  Stalker x5  
  133  10:09  Probe x2  
  145  10:16  Disruptor (Chrono Boost)  
  145  10:20  Stalker  
  150  10:23  Pylon  
  138  10:38  High Templar  
  138  10:42  Observer (Chrono Boost)  
  141  10:43  Nexus  
  141  10:44  Pylon  
  141  10:47  Zealot  
  143  10:50  High Templar, Pylon  
  143  10:53  Archon  
  143  10:57  Disruptor (Chrono Boost)  
  145  11:01  Robotics Facility  
  145  11:02  Probe x3  
  145  11:03  Assimilator  
  151  11:09  Zealot  
  153  11:14  Observer  
  153  11:16  Zealot x6  
  165  11:25  Disruptor (Chrono Boost)  
  151  11:32  Zealot  
  151  11:38  Stalker x3  
  151  11:39  Zealot x4  
  154  11:51  Disruptor (Chrono Boost)  
  155  11:58  Disruptor (Chrono Boost)  
  156  12:03  Zealot x6  
  168  12:10  Nexus  
  168  12:14  Zealot x2  
  157  12:24  Zealot x6  
  127  12:43  High Templar  
  127  12:44  High Templar x3  
  123  12:45  Zealot x4  
  123  12:48  Probe x3  
  123  12:49  Archon  
  123  12:50  Archon  
  126  12:53  Protoss Ground Armor Level 1 (Chrono Boost), Observer  
  126  12:54  Colossus (Chrono Boost)  
  132  13:00  Probe x3  
  132  13:01  Pylon  
  135  13:10  High Templar  
  135  13:11  High Templar  
  135  13:12  Probe x3  
  141  13:15  Archon, Colossus (Chrono Boost)  
  146  13:24  Probe x3  
  149  13:30  Probe  
  149  13:32  Shield Battery  
  150  13:34  Photon Cannon  
  150  13:36  Probe x2  
  150  13:38  Colossus (Chrono Boost)  
  156  13:44  Forge  
  140  14:04  Zealot x7  
  140  14:05  Zealot  
  142  14:17  Phoenix (Chrono Boost)  
  141  14:30  Colossus (Chrono Boost)  
  141  14:43  Zealot x8  
  121  15:05  High Templar  
  121  15:06  High Templar x3  
  128  15:09  Archon  
  128  15:10  Archon  
  128  15:23  Stalker x3  
  128  15:24  Stalker  
  99  15:44  High Templar x2, Zealot  
  99  15:45  Zealot  
  99  15:48  Archon  
Tags
 
Add a new tag
Caveats
  • Supply blocks, unpowered buildings, or Contaminate may cause inaccurate times.
  • Supply counts are checked every 10 seconds.